 Dungeon Crawl Stone Soup version 0.17.2-1-ge4368a0 (webtiles) character file.

2702 magog001 the Chucker (level 9, -2/138 HPs)
             Began as an Ogre Hunter on Oct 6, 2016.
             Was a Believer of Nemelex Xobeh.
             Slain by an 11-headed hydra (4 damage)
             ... on level 9 of the Dungeon.
             The game lasted 01:00:44 (8729 turns).

magog001 the Chucker (Ogre Hunter)                  Turns: 8729, Time: 01:00:46

Health: -2/138     AC: 29    Str: 29    XL:     9   Next: 65%
Magic:  14/14      EV:  1    Int: 10    God:    Nemelex Xobeh [**....]
Gold:   159        SH:  0    Dex: 10    Spells: 3 memorised, 11 levels left

rFire  . . .     SeeInvis .     h - +4 scythe (protect)
rCold  . . .     Clarity  .     (armour currently unavailable)
rNeg   + + +     SustAt   .     (shield currently unavailable)
rPois  +         Gourm    .     (helmet currently unavailable)
rElec  .         Spirit   .     (cloak currently unavailable)
rCorr  .         Warding  .     (gloves unavailable)
rMut   .         NoTele   +     (boots unavailable)
MR     .....                    (no amulet)
Stlth  ++++......               L - +2 ring of strength
                                k - ring of stealth

@: mighty, tree-form, not resistant to hostile enchantments, stealthy
A: unfitting armour, (tough skin 0)
a: Renounce Religion


You were on level 9 of the Dungeon.
You worshipped Nemelex Xobeh.
Nemelex Xobeh was pleased with you.
You were not hungry.
You were a tree.
You visited 1 branch of the dungeon, and saw 9 of its levels.

You collected 453 gold pieces.
You spent 294 gold pieces at shops.

Inventory:

Hand Weapons
 h - a +4 scythe of protection (weapon)
 t - a +0 hand crossbow
 I - a +0 shortbow
 Q - a +0 blowgun
Missiles
 c - 7 large rocks (quivered)
 d - 2 throwing nets
 e - 11 tomahawks
 j - 26 bolts
 m - 77 poisoned needles
 q - 10 arrows of flame
 y - 98 arrows
Armour
 b - a +2 robe (melded)
Jewellery
 k - a ring of stealth (left branch)
 s - an uncursed amulet of rage
 x - an uncursed ring of wizardry
 G - an uncursed ring of protection from fire
 L - a +2 ring of strength (right branch)
Wands
 D - a wand of fireball (9)
Scrolls
 g - 2 scrolls of blinking
 p - a scroll of amnesia {unknown}
 r - a scroll of fog
 v - a scroll of magic mapping
 E - a scroll of recharging {unknown}
 J - a scroll of immolation
 K - a scroll of teleportation
Potions
 f - a potion of agility {unknown}
 l - a potion of lignification
 n - a potion of might
 F - a potion of resistance
 H - a potion of cancellation {unknown}
 N - a potion of magic
 P - a potion of flight
Books
 A - a book of the Dragon

   Spells                             Type                      Level
   a - Flame Tongue                   Conjuration/Fire             1
   b - Cause Fear                     Hexes                        4
   c - Bolt of Fire                   Conjuration/Fire             6
   d - Dragon Form                    Transmutation                7
   e - Dragon's Call                  Summoning                    9
 C - a book of Debilitation

   Spells                             Type                      Level
   a - Corona                         Hexes                        1
   b - Slow                           Hexes                        2
   c - Gell's Gravitas                Hexes/Translocation          3
   d - Inner Flame                    Hexes/Fire                   3
   e - Cause Fear                     Hexes                        4
   f - Leda's Liquefaction            Hexes/Earth                  4
Miscellaneous
 a - a plain deck of war {drawn: 1}
 o - a plain deck of destruction
 u - a plain deck of destruction
 B - a plain deck of escape {drawn: 1}
 M - a plain deck of destruction {drawn: 2}
Comestibles
 i - 4 meat rations
 w - 2 fruits
 z - 2 bread rations


   Skills:
 + Level 6.7 Fighting
   Level 1.1 Short Blades
 + Level 4.4 Polearms
 * Level 6.8 Throwing
 + Level 6.8 Dodging
 + Level 3.9 Stealth
 * Level 3.9 Spellcasting
 + Level 0.1 Evocations


You had 11 spell levels left.
You knew the following spells:

 Your Spells              Type           Power        Failure   Level  Hunger
a - Flame Tongue          Conj/Fire      #....        30%         1    #......
b - Slow                  Hex            #.......     47%         2    ###....
c - Corona                Hex            #......      30%         1    #......


Dungeon Overview and Level Annotations

Branches:
Dungeon (9/15)             Temple (0/1) D:5
   Lair: D:8-11         Orc: D:9-12

Altars:
Ashenzari
Cheibriados
Dithmenos
Gozag
Makhleb
Nemelex Xobeh
Qazlal
Xom

Shops:
D:7 !   D:8 [


Innate Abilities, Weirdness & Mutations

You are too large for most types of armour.
((You have tough skin (AC +1).))


Message History

The ten-headed hydra bites you but does no damage. x3
The ten-headed hydra bites you.
* * * LOW HITPOINT WARNING * * *
The ten-headed hydra bites you but does no damage. x5
The crimson imp blinks!
The ten-headed hydra bites you.
* * * LOW HITPOINT WARNING * * *
The ten-headed hydra bites you but does no damage. x9
You slice one of the ten-headed hydra's heads off!
The nine-headed hydra grows two more!
You slice the 11-headed hydra!!
The 11-headed hydra is severely wounded.
The 11-headed hydra bites you but does no damage. x2
The 11-headed hydra bites you!
* * * LOW HITPOINT WARNING * * *
The 11-headed hydra bites you but does no damage. x2
The 11-headed hydra bites you!
* * * LOW HITPOINT WARNING * * *
The 11-headed hydra bites you but does no damage. x2
The 11-headed hydra bites you.
You die...
Your body glows slightly and disappears.

#.......#
#....÷..#
#.......#
#......<#
#.......# ###
#.......# ...#
#.......## .....
#........#......
#.####..♣D..._.§
#. #..##5.....
#.$# #..... #..#
#...# #..# ####
#..# #..# #..


You could see a 11-headed hydra and a crimson imp.

Vanquished Creatures
  Grinder (D:3)
  Sigmund (D:2)
  A wyvern (D:9)
  Edmund (D:5)
  A black bear (D:6)
  An ice beast (D:8)
  2 phantoms
  An ogre (D:6)
  A centaur (D:8)
  4 giant frogs
  3 scorpions
  3 wights (D:7)
  3 crimson imps
  A jelly (D:6)
  A hound (D:8)
  9 orc wizards
  An iguana (D:6)
  2 orc priests
  A centaur skeleton (D:4)
  A giant frog skeleton (D:8)
  3 worker ants
  A worker ant zombie (D:5)
  8 gnolls
  9 adders
  2 shadow imps
  2 oozes
  3 worms
  3 adder skeletons
  6 giant geckos
  16 orcs
  A ball python (D:4)
  2 giant cockroaches
  6 hobgoblins
  18 jackals
  3 quokkas
  15 bats
  A giant gecko skeleton (D:4)
  4 giant newts
  6 goblins
  2 jackal skeletons (D:8)
  A jackal zombie (D:7)
  5 kobolds
  A quokka skeleton (D:6)
  A quokka zombie (D:7)
  8 rats
  A plant (D:8)
167 creatures vanquished.

Vanquished Creatures (collateral kills)
  An orc warrior (D:7)
  2 orcs (D:7)
3 creatures vanquished.

Vanquished Creatures (others)
  A plant (D:8)
1 creature vanquished.

Grand Total: 171 creatures vanquished

Notes
Turn   | Place    | Note
--------------------------------------------------------------
     0 | D:1      | magog001 the Ogre Hunter began the quest for the Orb.
     0 | D:1      | Reached XP level 1. HP: 22/22 MP: 1/1
   158 | D:1      | Reached XP level 2. HP: 14/29 MP: 2/2
   751 | D:2      | Reached XP level 3. HP: 26/36 MP: 3/3
  1103 | D:2      | Noticed Sigmund
  1114 | D:2      | Killed Sigmund
  1114 | D:2      | Reached skill level 5 in Throwing
  1114 | D:2      | Reached skill level 1 in Stealth
  1114 | D:2      | Reached XP level 4. HP: 36/45 MP: 4/4
  1114 | D:2      | Reached XP level 5. HP: 42/53 MP: 5/5
  1646 | D:2      | Found a shimmering altar of Xom.
  1664 | D:2      | Found a snail-covered altar of Cheibriados.
  1906 | D:2      | Reached skill level 1 in Short Blades
  2188 | D:2      | Reached XP level 6. HP: 61/61 MP: 6/6
  2334 | D:3      | Found a stormy altar of Qazlal.
  2379 | D:3      | Noticed Grinder
  2402 | D:3      | Killed Grinder
  2402 | D:3      | Reached XP level 7. HP: 15/70 MP: 7/7
  2866 | D:3      | Reached skill level 1 in Polearms
  4022 | D:4      | Reached skill level 5 in Dodging
  4384 | D:4      | Found a burning altar of Makhleb.
  4577 | D:4      | Found a sparkling altar of Nemelex Xobeh.
  4608 | D:4      | Became a worshipper of Nemelex Xobeh the Trickster
  4643 | D:4      | Received a gift from Nemelex Xobeh
  4787 | D:5      | Entered Level 5 of the Dungeon
  4913 | D:5      | Noticed Edmund
  4935 | D:5      | Reached XP level 8. HP: 55/79 MP: 8/8
  4949 | D:5      | Killed Edmund
  5159 | D:5      | Learned a level 1 spell: Flame Tongue
  5391 | D:5      | Reached skill level 5 in Fighting
  5465 | D:5      | Found a staircase to the Ecumenical Temple.
  5654 | D:6      | Reached skill level 1 in Spellcasting
  5689 | D:6      | Reached skill level 6 in Throwing
  5750 | D:6      | Reached * piety under Nemelex Xobeh
  5905 | D:6      | Learned a level 2 spell: Slow
  5907 | D:6      | Learned a level 1 spell: Corona
  6219 | D:7      | Received a gift from Nemelex Xobeh
  6320 | D:7      | Found an opulent altar of Gozag.
  6758 | D:7      | Reached XP level 9. HP: 15/89 MP: 13/13
  7160 | D:7      | Received a gift from Nemelex Xobeh
  7167 | D:7      | Found Woqa's Distillery.
  7177 | D:7      | Bought a potion of magic for 112 gold pieces
  7177 | D:7      | Bought a potion of heal wounds for 70 gold pieces
  7177 | D:7      | Bought a potion of heal wounds for 70 gold pieces
  7177 | D:7      | Bought a potion of flight for 42 gold pieces
  7196 | D:7      | Reached ** piety under Nemelex Xobeh
  7818 | D:8      | Found Meapn's Antique Armour Emporium.
  7913 | D:8      | Received a gift from Nemelex Xobeh
  8352 | D:8      | Found a shattered altar of Ashenzari.
  8431 | D:8      | Received a gift from Nemelex Xobeh
  8719 | D:9      | Noticed an eight-headed hydra
  8720 | D:9      | Found a shadowy altar of Dithmenos.
  8729 | D:9      | HP: 2/138 [11-headed hydra (9)]
  8729 | D:9      | Slain by an 11-headed hydra

Action                   |  1- 3 |  4- 6 |  7- 9 || total
-------------------------+-------+-------+-------++-------
Melee: Short sword       |    93 |    64 |       ||   157
       Scythe            |       |    17 |   374 ||   391
Throw: Large rock        |     5 |    33 |    35 ||    73
 Cast: Flame Tongue      |       |       |     4 ||     4
Evoke: Deck              |       |       |     4 ||     4
  Use: Scroll            |       |     6 |    13 ||    19
       Potion            |       |     1 |     5 ||     6
 Stab: Sleeping          |     1 |     4 |    12 ||    17
       Fleeing           |       |       |     1 ||     1
  Eat: Meat ration       |     1 |       |       ||     1
       Chunk             |       |       |     9 ||     9
       Bread ration      |       |       |     2 ||     2
       Fruit             |       |       |     3 ||     3
       Pizza             |       |       |     1 ||     1
